 Dungeon Crawl Stone Soup version 0.27-a0-1557-g57f10a385c (webtiles) character file.

Game seed: 2891952368068152458

238 bande the Covered (level 6, -4/38 HPs)
             Began as a Gargoyle Fighter on July 16, 2021.
             Slain by an ogre (22 damage)
             ... on level 4 of the Dungeon.
             The game lasted 00:03:15 (3279 turns).

bande the Covered (Gargoyle Fighter)                Turns: 3279, Time: 00:03:15

Health: -4/38      AC: 14    Str: 21    XL:     6   Next: 7%
Magic:  6/6        EV:  6    Int:  8    God:
Gold:   113        SH:  9    Dex: 10    Spells: 5/5 levels left

rFire    . . .     SeeInvis .   a - +0 war axe
rCold    . . .     Faith    .   c - +0 kite shield
rNeg     + . .     Spirit   .   h - +0 chain mail
rPois    ∞         Reflect  .   (no helmet)
rElec    +         Harm     .   (no cloak)
rCorr    .         Rampage  .   (no gloves)
Will     .....                  (no boots)
Stlth    ..........             j - amulet of regeneration
HPRegen  1.12/turn              (no ring)
MPRegen  0.10/turn              (no ring)

@: no status effects
A: sickness immunity, AC +4, negative energy resistance 1, electricity
resistance, torment resistance 1, petrification resistance
a: no special abilities


You were on level 4 of the Dungeon.
You visited 1 branch of the dungeon, and saw 4 of its levels.

You collected 113 gold pieces.

Inventory:

Hand Weapons
 a - a +0 war axe (weapon)
Armour
 c - a +0 kite shield (worn)
 h - a +0 chain mail (worn)
Jewellery
 j - an amulet of regeneration (around neck)
Scrolls
 f - a scroll of blinking {unknown}
 g - a scroll of noise {unknown}
Potions
 i - a potion of haste


   Skills:
 + Level 3.8 Fighting
 + Level 3.6 Axes
 + Level 4.5 Armour
 + Level 0.7 Dodging
 + Level 4.4 Shields


You had 5 spell levels left.
You didn't know any spells.
Your spell library was empty.

Dungeon Overview and Level Annotations

Branches:
Dungeon (3/15)

Altars:
Qazlal
Xom
The Shining One


Innate Abilities, Weirdness & Mutations

You are immune to sickness and miasma.
Your stone body is resilient. (AC +4)
You are immune to poison.
You resist negative energy. (rN+)
You are resistant to electric shocks. (rElec)
You are resistant to unholy torment.
You are immune to petrification.


Message History

You start putting on your amulet.
You continue putting on your amulet of regeneration. x5
You finish putting on your amulet of regeneration.
The amulet throbs as it attunes itself to your uninjured body.
j - an amulet of regeneration (around neck)
As you read the scroll labelled NEUTZA IFRE, it crumbles to dust.
It is a scroll of identify.
i - a potion of haste
As you read the scroll labelled EPEIXY CUTZ, it crumbles to dust.
The scroll dissolves into smoke.
It was a scroll of fog.
As you read the scroll labelled JACWUCR XESY, it crumbles to dust.
You feel strangely unstable.
It was a scroll of teleportation.
Your surroundings suddenly seem different.
A goblin comes into view. It is wielding a +0 dagger.
Found 10 gold pieces, 16 stones and a piece from Xom's chessboard (15/15).
Found a shimmering altar of Xom.
The goblin shouts!
The goblin hits you but does no damage.
You closely miss the goblin.
The goblin hits you but does no damage. x2
You hit the goblin.
You kill the goblin!
An ogre comes into view. It is wielding a +0 giant club.
You see here a +0 dagger.
The ogre shouts!
You feel a little less mighty now.
You slash the ogre!
The ogre is heavily wounded.
The ogre hits you with a +0 giant club!!
Ouch! That really hurt!
You slash the ogre!
The ogre is severely wounded.
The ogre closely misses you.
You hit the ogre.
The ogre is almost dead.
You block the ogre's attack.
You hit the ogre.
The ogre is almost dead.
The ogre hits you with a +0 giant club!!
Ouch! That really hurt!
You die...

############
######
#..........#
#§§§§#
#.^........#
#§§§§##
#..........#
#§§§§§§
#)..@O.....#
#§§§§§§
#..........#
####§§§
...............
.......
###............
..##....
..............
+...>#
#.#.#.#..$.....
###...
.....#.#........
#.#.
._...#.#..(.....
#.#. #.


You could see an ogre.

Vanquished Creatures
  2 ogres
  2 adders (D:2)
  A worm (D:2)
  2 orcs (D:3)
  6 ball pythons
  5 endoplasms
  2 giant cockroaches (D:1)
  4 goblins
  3 jackals (D:3)
  2 quokkas
  5 bats
  2 frilled lizards
  3 kobolds
  7 rats
46 creatures vanquished.

Vanquished Creatures (others)
  4 plants (D:1)
4 creatures vanquished.

Grand Total: 50 creatures vanquished

Notes
Turn   | Place    | Note
-------+----------+-------------------------------------------
     0 | D:1      | bande the Gargoyle Fighter began the quest for the Orb.
     0 | D:1      | Reached XP level 1. HP: 14/14 MP: 1/1
   363 | D:1      | Reached XP level 2. HP: 19/19 MP: 2/2
   379 | D:1      | Found a faded altar of an unknown god.
  1415 | D:2      | Reached XP level 3. HP: 6/23 MP: 3/3
  2518 | D:3      | Reached XP level 4. HP: 26/28 MP: 4/4
  2666 | D:3      | Noticed an ogre
  2667 | D:3      | Found a stormy altar of Qazlal.
  2674 | D:3      | HP: 1/28 [ogre (7)]
  2676 | D:3      | Killed an ogre
  2677 | D:3      | Reached XP level 5. HP: 2/33 MP: 5/5
  3063 | D:3      | Found a glowing golden altar of the Shining One.
  3210 | D:3      | You fall into a shaft and drop 1 floor!
  3215 | D:4      | Noticed an ogre
  3221 | D:4      | Killed an ogre
  3222 | D:4      | Reached XP level 6. HP: 36/38 MP: 6/6
  3269 | D:4      | Found a shimmering altar of Xom.
  3279 | D:4      | Slain by an ogre

Illustrated notes

Levels and vault maps discovered:
D:1:      minmay_arrival_nine_rooms, layout_loops_ring,
          shapermc_ecumenical_altar_mp_ritualfount
D:2:      layout_loops_corners
D:3:      layout_loops_cross, nicolae_qazlal_scattered_showers,
          overflow_temple_1_default, serial_bayou_crossing
D:4:      layout_basic, elyvilon_altar_1, xom_butterflies,
          chequers_decorated_corner, minmay_small_thing

Skill      XL: |  1  2  3  4 |
---------------+-------------+-----
Axes           | 2 3 |  3.6
Shields        | 4 |  4.4
Armour         | 4 |  4.5
Fighting       | |  3.8
Dodging        | |  0.7

Action                   |  1- 3 |  4- 6 || total
-------------------------+-------+-------++-------
Melee: War axe           |   107 |    35 ||   142
  Use: Potion            |     1 |     1 ||     2
       Scroll            |     1 |     3 ||     4
Armor: Scale mail        |    50 |       ||    50
       Chain mail        |       |    14 ||    14
Dodge: Dodged            |    33 |     7 ||    40
Block: Kite shield       |    57 |    22 ||    79

Table legend: (Time is in decaauts)
 A = Elapsed time spent in this place.
 B = Non-inter-level travel time spent in this place.
 C = Inter-level travel time spent in this place.
 D = Time resting spent in this place.
 E = Time spent auto-exploring this place.
 F = Levels seen in this place.
 G = Mean time per level.
                   A        B        C        D        E       F      G
               +--------+--------+--------+--------+--------+-----+--------+
         Total |   3365 |   3350 |     15 |   1009 |   1853 |   4 |  841.2 |
       Dungeon |   3365 |   3350 |     15 |   1009 |   1853 |   4 |  841.2 |
               +--------+--------+--------+--------+--------+-----+--------+

Top non-repeatable levels by time:
     D:1: 1365 daAuts
     D:2: 1212 daAuts
     D:3: 715 daAuts
     D:4: 72 daAuts
